 Dungeon Crawl Stone Soup version 0.30-a0-879-ga8ba668304 (webtiles) character file.

Game seed: 3291832984807277457

2595 Ghostmaker01 the Cleaver (level 9, -1/69 HPs)
             Began as a Demonspawn Fighter on Mar 13, 2023.
             Was a Believer of Ru.
             Slain by a gnoll sergeant
             ... wielding a +2 spear of venom
              (4 damage)
             ... on level 7 of the Dungeon.
             The game lasted 00:28:09 (6759 turns).

Ghostmaker01 the Cleaver (Demonspawn Fighter)       Turns: 6759, Time: 00:28:10

Health: -1/69      AC: 20    Str: 21    XL:     9   Next: 33%
Magic:  9/9        EV:  6    Int: 10    God:    Ru [**....]
Gold:   416        SH: 10    Dex: 16    Spells: 8/8 levels left

rFire   + + .      SeeInvis .    u - +0 trident (vamp)
rCold   x . .      Faith    .    c - +0 buckler
rNeg    . . .      Spirit   .    s - +2 plate armour
rPois   .          Reflect  +    h - +0 helmet
rElec   .          Rampage  .    y - +2 cloak
rCorr   .                        (no gloves)
Will    .....                    o - +0 pair of boots Stlth
                                 q - amulet of reflection
HPRegen 0.31/turn                l - ring of fire
MPRegen 0.11/turn                C - ring of protection from fire

@: lethally poisoned (-1 -> -16)
A: claws 2, thin skeletal structure 2, foul stench 1, hated by all, no air
magic, no hexes magic, no translocations magic
a: Renounce Religion


You were on level 7 of the Dungeon.
You worshipped Ru.
Ru was pleased with you.
You visited 2 branches of the dungeon, and saw 8 of its levels.

You collected 416 gold pieces.

Inventory:

Hand Weapons
 a - a +0 war axe
 t - a +3 hand axe
 u - a +0 vampiric trident (weapon)
 z - the +1 war axe of Ebruvin {freeze, rN+ Will+ Str+4}
   (You found it on level 5 of the Dungeon)

   Str:       It affects your strength (+4).
   rN:        It protects you from negative energy.
   Will:      It increases your willpower.
Armour
 c - a +0 buckler (worn)
 h - a +0 helmet (worn)
 o - a +0 pair of boots (worn)
 s - a +2 plate armour (worn)
 v - a +0 chain mail of willpower
 y - a +2 cloak (worn)
 B - the +0 leather armour of Vaefide {Rampage rC- Int+6}
   (You took it off a hobgoblin on level 4 of the Dungeon)

   Int:       It affects your intelligence (+6).
   rC:        It makes you vulnerable to cold.
   Rampage:   It bestows one free step when moving towards enemies.
Jewellery
 l - a ring of fire (left claw)
 q - an amulet of reflection (around neck)
 C - a ring of protection from fire (right claw)
 H - an amulet of guardian spirit
Wands
 e - a wand of digging (2)
 f - a wand of flame (18)
Scrolls
 r - 2 scrolls of magic mapping
 x - 2 scrolls of immolation
Potions
 b - a potion of cancellation {unknown}
 g - 2 potions of mutation
 k - 2 potions of ambrosia {unknown}
 n - 2 potions of brilliance
 p - 2 potions of flight {unknown}
 E - a potion of invisibility
 F - a potion of magic {unknown}
 G - a potion of berserk rage {unknown}


   Skills:
 * Level 5.7 Fighting
 * Level 8.2 Axes
 * Level 6.2 Armour
 + Level 1.1 Dodging
 + Level 1.0 Stealth
 + Level 4.7 Shields


You had 8 spell levels left.
You didn't know any spells.
Your spell library contained the following spells:

 Spells                   Type           Power      Damage    Failure   Level
 Beastly Appendage        Tmut           0%         N/A       100%        1
 Wereblood                Tmut           0%         N/A       100%        2
 Spider Form              Tmut/Pois      0%         N/A       100%        3
 Cigotuvi's Dreadful Rot  Necr/Pois/Air  Unusable   N/A       N/A         2
 Poisonous Vapours        Pois/Air       Unusable   N/A       N/A         2
 Mephitic Cloud           Conj/Pois/Air  Unusable   N/A       N/A         3

Dungeon Overview and Level Annotations

Branches:
Dungeon (7/15)             Temple (1/1) D:6

Altars:
Ashenzari
Cheibriados
Gozag
Kikubaaqudgha
Makhleb
Nemelex Xobeh
Okawaru
Qazlal
Ru
Trog
Uskayaw
Xom

Annotations:
D:4 Menkaure


Innate Abilities, Weirdness & Mutations

You have very sharp fingernails.
You have a moderately thin skeletal structure. (Dex +4, Stealth++)
You may rarely emit foul miasma when damaged in melee.
You are hated by all.
You cannot study or cast Air magic.
You cannot study or cast Hexes magic.
You cannot study or cast Translocations magic.


Message History

The orc warrior hits you with a +0 halberd.
You focus your inner power and blind the orc warrior in retribution!
You strike the helpless orc warrior from behind!
You hit the orc warrior but do no damage.
The orc warrior is almost dead.
You feel very sick.
The gnoll sergeant hits you from afar with a +2 spear of venom!
You are more poisoned.
You are too injured to fight recklessly!
You are too injured to fight recklessly!
You are too injured to fight recklessly!
You feel very sick.
The gnoll sergeant hits you but does no damage.
You are lethally poisoned!
You feel extremely sick.
The gnoll sergeant is stunned by your conviction and fails to attack.
You hit the gnoll sergeant but do no damage.
You hit the orc warrior. You freeze the orc warrior.
You kill the orc warrior!
* * * LOW HITPOINT WARNING * * *
You feel very sick. You block the gnoll sergeant's attack.
You hit the gnoll sergeant. You freeze the gnoll sergeant.
The gnoll sergeant is moderately wounded.
* * * LOW HITPOINT WARNING * * *
You feel very sick. You block the gnoll sergeant's attack.
The gnoll sergeant hits you but does no damage.
You are more poisoned.
The +1 war axe of Ebruvin {freeze, rN+ Will+ Str+4} stops glowing.
You feel a sense of dread.
u - a +0 vampiric trident (weapon)
* * * LOW HITPOINT WARNING * * *
You feel sick.
You hit the gnoll sergeant.
The gnoll sergeant is heavily wounded.
* * * LOW HITPOINT WARNING * * *
You feel very sick.
The gnoll sergeant hits you with a +2 spear of venom.
You die...

##.# #.. #.##
#.o# #.# ....#
##.# .....#
##.##
#....#####...#
#.........#..#
####.....g.###.#
........)@## #.#
.......<"## #.#
..###.....# ##
###.....#
#.......#
#######.. #


You could see a gnoll sergeant and an orc wizard.

Vanquished Creatures
  Pikel (D:6)
  Sigmund (D:3)
  Eustachio (D:5)
  Edmund (D:4)
  2 ice beasts
  An orc warrior (D:7)
  2 black bears
  A centaur (D:5)
  2 ogres
  A kobold brigand (D:7)
  A bullfrog (D:6)
  2 scorpions (D:5)
  A howler monkey (D:6)
  2 jellies (D:5)
  2 orc priests
  Crazy Yiuf (D:2)
  3 hounds
  4 iguanas
  Ijyb (D:5)
  Jessica (D:3)
  5 orc wizards
  5 adders
  3 gnolls (D:7)
  A shadow imp (D:7)
  2 white imps
  2 ufetubi
  A worm (D:2)
  2 dart slugs (D:3)
  23 orcs
  6 bats
  2 endoplasms
  13 goblins
  3 hobgoblins
  6 jackals
  16 kobolds
  4 quokkas
  A ball python (D:3)
  A frilled lizard (D:3)
  A rat (D:3)
128 creatures vanquished.

Vanquished Creatures (others)
  An orc wizard (D:5)
  3 fungi (D:2)
  7 plants
11 creatures vanquished.

Grand Total: 139 creatures vanquished

Notes
Turn   | Place    | Note
-------+----------+-------------------------------------------
     0 | D:1      | Ghostmaker01 the Demonspawn Fighter began the quest for the
                  | Orb.
     0 | D:1      | Reached XP level 1. HP: 18/18 MP: 1/1
   202 | D:1      | Gained mutation: You may rarely emit foul miasma when
                  | damaged in melee. [demonic ancestry]
   202 | D:1      | Reached XP level 2. HP: 24/24 MP: 2/2
   983 | D:2      | Reached XP level 3. HP: 29/29 MP: 3/3
  1165 | D:2      | Reached skill level 2 in Axes
  1450 | D:2      | Found a runed translucent door.
  1451 | D:2      | Noticed Crazy Yiuf
  1461 | D:2      | Killed Crazy Yiuf
  1462 | D:2      | Reached XP level 4. HP: 8/37 MP: 4/4
  1692 | D:3      | Noticed Jessica
  1701 | D:3      | Killed Jessica
  1911 | D:3      | Reached XP level 5. HP: 40/42 MP: 5/5
  2133 | D:3      | Found a sacrificial altar of Ru.
  2245 | D:3      | Became a worshipper of Ru the Awakened
  2545 | D:3      | Noticed an ogre
  2699 | D:3      | Killed an ogre
  2700 | D:3      | Reached skill level 3 in Axes
  2991 | D:4      | Noticed Sigmund
  3005 | D:3      | Killed Sigmund
  3006 | D:3      | Reached skill level 4 in Axes
  3006 | D:3      | Gained mutation: You have a somewhat thin skeletal
                  | structure. (Dex +2, Stealth+) [demonic ancestry]
  3006 | D:3      | Reached XP level 6. HP: 48/48 MP: 6/6
  3242 | D:4      | Noticed Menkaure
  3558 | D:4      | Identified the +0 leather armour of Vaefide {Rampage rC-
                  | Int+6}
  3669 | D:4      | Noticed Edmund
  3683 | D:4      | Killed Edmund
  3684 | D:4      | Gained mutation: You have sharp fingernails. [demonic
                  | ancestry]
  3684 | D:4      | Reached XP level 7. HP: 15/52 MP: 7/7
  3866 | D:4      | Reached skill level 5 in Axes
  4157 | D:5      | Entered Level 5 of the Dungeon
  4219 | D:5      | Gained mutation: You are hated by all. [Ru sacrifice]
  4219 | D:5      | Reached * piety under Ru
  4396 | D:5      | Noticed Ijyb
  4398 | D:5      | Reached skill level 5 in Armour
  4416 | D:5      | Reached skill level 1 in Stealth
  4419 | D:5      | Killed Ijyb
  4521 | D:5      | Reached skill level 6 in Axes
  4521 | D:5      | Reached skill level 1 in Dodging
  4521 | D:5      | Gained mutation: You have very sharp fingernails. [demonic
                  | ancestry]
  4521 | D:5      | Reached XP level 8. HP: 59/61 MP: 8/8
  4878 | D:5      | Identified the +1 war axe of Ebruvin {freeze, rN+ Will+
                  | Str+4}
  5043 | D:6      | Noticed Eustachio
  5043 | D:6      | Found a staircase to the Ecumenical Temple.
  5051 | D:6      | Reached skill level 5 in Fighting
  5066 | D:5      | Killed Eustachio
  5099 | Temple   | Entered the Ecumenical Temple
  5297 | D:6      | Reached skill level 7 in Axes
  5561 | D:6      | Noticed Pikel
  5573 | D:6      | Killed Pikel
  5574 | D:6      | Gained mutation: You have a moderately thin skeletal
                  | structure. (Dex +4, Stealth++) [demonic ancestry]
  5574 | D:6      | Reached XP level 9. HP: 48/68 MP: 9/9
  5972 | D:7      | Reached skill level 8 in Axes
  6018 | D:7      | Gained mutation: You cannot study or cast Air magic. [Ru
                  | sacrifice]
  6018 | D:7      | Gained mutation: You cannot study or cast Hexes magic. [Ru
                  | sacrifice]
  6018 | D:7      | Gained mutation: You cannot study or cast Translocations
                  | magic. [Ru sacrifice]
  6018 | D:7      | Reached ** piety under Ru
  6759 | D:7      | HP: 3/69 [poisoned by a gnoll sergeant]
  6759 | D:7      | Slain by a gnoll sergeant

Illustrated notes

Levels and vault maps discovered:
D:1:      wheals_arrival_linesprint, layout_basic, ebering_dispersal_statue_hall
D:2:      layout_loops_ring, uniq_crazy_yiuf_cottage
D:3:      layout_loops_ring, nicolae_ru_the_path_less_chosen,
          minmay_ogre_servants, uniq_jessica
D:4:      layout_basic, uniq_sigmund, uniq_menkaure, uniq_edmund
D:5:      layout_rooms, uniq_ijyb
D:6:      layout_basic, minmay_temple_entry_gardened_gates, uniq_eustachio,
          uniq_pikel
D:7:      layout_layer_cave, mainiacjoe_overflow_two_lobes
Temple:   hellmonk_temple_of_storms

Skill      XL: |  1  2  3  4  5  6  7  8  9 |
---------------+----------------------------+-----
Armour         | 3 4 5 6 |  6.2
Axes           | 2 4 6 7 8 |  8.2
Fighting       | 4 5 |  5.7
Shields        | 3 4 |  4.7
Stealth        | 1 |  1.0
Dodging        | 1 |  1.1

Action                     |  1- 3 |  4- 6 |  7- 9 || total
---------------------------+-------+-------+-------++-------
  Melee: War axe           |    97 |    34 |   140 ||   271
         Hand axe          |       |   128 |   142 ||   270
         Trident           |       |       |     1 ||     1
 Invoke: Sacrifice Love    |       |       |     1 ||     1
         Sacrifice Arcana  |       |       |     1 ||     1
    Use: Potion            |       |     2 |     4 ||     6
         Scroll            |       |     4 |     9 ||    13
   Stab: Distracted        |       |       |     1 ||     1
         Invisible         |       |       |     1 ||     1
 Armour: Scale mail        |    39 |       |       ||    39
         Chain mail        |    23 |    45 |       ||    68
         Plate armour      |     2 |    34 |   210 ||   246
  Dodge: Dodged            |    37 |    31 |    83 ||   151
  Block: Buckler           |    23 |    57 |   206 ||   286
         Reflection        |       |       |     3 ||     3

Table legend: (Time is in decaauts)
 A = Elapsed time spent in this place.
 B = Non-inter-level travel time spent in this place.
 C = Inter-level travel time spent in this place.
 D = Time resting spent in this place.
 E = Time spent auto-exploring this place.
 F = Levels seen in this place.
 G = Mean time per level.
                   A        B        C        D        E       F      G
               +--------+--------+--------+--------+--------+-----+--------+
         Total |   6872 |   6408 |    464 |    878 |   3980 |   8 |  859.0 |
       Dungeon |   6803 |   6369 |    434 |    878 |   3954 |   7 |  971.9 |
        Temple |     68 |     38 |     30 |      0 |     26 |   1 |   68.0 |
               +--------+--------+--------+--------+--------+-----+--------+

Top non-repeatable levels by time:
     D:6: 1392 daAuts
     D:3: 1332 daAuts
     D:4: 1155 daAuts
     D:2: 1061 daAuts
     D:5: 899 daAuts
     D:1: 690 daAuts
     D:7: 272 daAuts
  Temple: 68 daAuts
